 Dungeon Crawl Stone Soup version 0.30-a0-6-g7c9e10e132 (webtiles) character file.

Game seed: 8177759868862640915

121 Setbun the Cudgeller (level 4, 0/58 HPs)
             Began as a Minotaur Fighter on Aug 22, 2022.
             Succumbed to an orc wizard's poison
             ... on level 3 of the Dungeon.
             The game lasted 00:01:59 (2388 turns).

Setbun the Cudgeller (Minotaur Fighter)             Turns: 2388, Time: 00:02:00

Health: 0/58       AC: 22    Str: 23    XL:     4   Next: 76%
Magic:  3/3        EV:  2    Int:  5    God:
Gold:   188        SH:  4    Dex:  9    Spells: 3/3 levels left

rFire   . . .      SeeInvis .    l - +1 flail (vorpal)
rCold   . . .      Faith    .    c - +0 buckler
rNeg    . . .      Spirit   .    (body armour currently unavailable)
rPois   +          Reflect  .    (helmet currently unavailable)
rElec   .          Harm     .    (cloak currently unavailable)
rCorr   .          Rampage  .    (gloves currently unavailable)
Will    .....      NoTele   +    (boots currently unavailable)
Stlth   +.........               (no amulet)
HPRegen 0.19/turn                (no ring)
MPRegen 0.08/turn                (no ring)

@: mighty, brilliant, lethally poisoned (0 -> -3), tree-form (expiring),
attractive, invisible
A: stationary, stasis, torment immunity, boosted hp, (horns 2), (retaliatory
headbutt)
a: no special abilities


You were on level 3 of the Dungeon.
You were a tree.
You visited 1 branch of the dungeon, and saw 3 of its levels.

You collected 188 gold pieces.

Inventory:

Hand Weapons
 a - a +0 flail
 l - a +1 vorpal flail (weapon)
Missiles
 n - a throwing net (quivered)
Armour
 b - a +0 scale mail (melded)
 c - a +0 buckler (worn)
Wands
 o - a wand of iceblast (4)
 v - a wand of flame (10)
Scrolls
 e - 4 scrolls of identify {unknown}
 h - a scroll of amnesia {unknown}
 j - a scroll of teleportation {unknown}
 k - a scroll of enchant armour {unknown}
 m - 2 scrolls of noise {unknown}
 p - a scroll of blinking {unknown}
 s - a scroll of poison {unknown}
 t - a scroll of silence {unknown}
Potions
 g - 2 potions of lignification


   Skills:
 - Level 3.6 Fighting
 + Level 5.9 Maces & Flails
 - Level 3.6 Armour
 + Level 0.6 Stealth
 - Level 3.6 Shields


You had 3 spell levels left.
You didn't know any spells.
Your spell library was empty.

Dungeon Overview and Level Annotations

Branches:
Dungeon (3/15)

Altars:
Uskayaw


Innate Abilities, Weirdness & Mutations

You are a tree.
Your roots penetrate the ground, keeping you stationary.
You cannot be teleported.
You are immune to unholy pain and torment.
Your maximum health is greatly increased.
Your equipment is partially melded.
((You have a pair of horns on your head.))
((You reflexively headbutt those who attack you in melee.))


Message History

You thump the orc wizard!
The orc wizard is heavily wounded.
The orc wizard casts a spell.
The orc wizard flickers and vanishes!
Deactivating autopickup; reactivate with Ctrl-A.
The orc barely misses you. The orc priest is attracted toward you.
You feel very mighty all of a sudden. Something hits you but does no damage.
The orc hits you but does no damage. The orc priest is attracted toward you.
You cannot move.
You cannot move.
You cannot move.
You cannot move.
You miss something. You block something's attack.
The orc hits you but does no damage. x2; Something hits you but does no damage.
You are lethally poisoned!
The orc priest is attracted toward you.
The orc priest shouts!
You sock something!
Reactivating autopickup.
You feel a bit more experienced.
* * * LOW HITPOINT WARNING * * *
You feel very sick. The orc hits you but does no damage.
The orc is attracted toward you.
The orc priest is attracted toward you. x2
You closely miss the orc.
* * * LOW HITPOINT WARNING * * *
You feel sick. The orc hits you but does no damage.
You bludgeon the orc!!
You kill the orc!
* * * LOW HITPOINT WARNING * * *
You feel sick. You block the orc's attack.
You swing at nothing.
Your transformation is almost over.
* * * LOW HITPOINT WARNING * * *
You feel sick.
You catch the helpless orc completely off-guard!
You hit the orc.
The orc is moderately wounded.
You die...

....########...##..#####
###..........#.##.## #
#####......#.##.# #
####......#.##.# . #
##.........#.##.# ... #
#..##......#.#..#...$
###.###......#..?......
...............).#
...####......#.#♣#
.............#.#o#
.#############.#o#
.....### #.#o# ####...#
#.#.# #####..# #.#.#
......## ..... ..#####
... ..#


You could see 2 orc priests and an orc (unable to see you).

Vanquished Creatures
  An orc priest (D:3)
  An orc wizard (D:3)
  An adder (D:3)
  3 dart slugs
  2 worms (D:2)
  6 orcs (D:3)
  4 endoplasms
  A giant cockroach (D:1)
  6 hobgoblins
  6 jackals (D:1)
  2 quokkas (D:1)
  5 ball pythons
  4 bats
  A frilled lizard (D:1)
  5 goblins
  6 kobolds
  2 rats
56 creatures vanquished.

Notes
Turn   | Place    | Note
-------+----------+-------------------------------------------
     0 | D:1      | Setbun the Minotaur Fighter began the quest for the Orb.
     0 | D:1      | Reached XP level 1. HP: 19/19 MP: 0/0
    58 | D:1      | Reached skill level 3 in Maces & Flails
   186 | D:1      | Reached XP level 2. HP: 26/26 MP: 1/1
   571 | D:1      | Reached skill level 4 in Maces & Flails
   673 | D:1      | Reached XP level 3. HP: 27/31 MP: 2/2
   829 | D:1      | Found a faded altar of an unknown god.
  1850 | D:3      | Reached skill level 5 in Maces & Flails
  1963 | D:3      | Reached XP level 4. HP: 33/39 MP: 3/3
  2249 | D:3      | Found a hide-covered altar of Uskayaw.
  2386 | D:3      | HP: 2/58 [poisoned by an orc wizard]
  2388 | D:3      | Succumbed to an orc wizard's poison

Illustrated notes

Levels and vault maps discovered:
D:1:      lightli_iron_boxes, layout_basic,
          hellmonk_ecumenical_altar_pennies_from_heaven
D:2:      layout_loops_cross, st_stairs_9
D:3:      layout_rooms, old_standard_altar,
          nicolae_uskayaw_murder_on_the_dancefloor

Skill      XL: |  1  2  3 |
---------------+----------+-----
Maces & Flails | 3 4 5 |  5.9
Fighting       | |  3.6
Armour         | |  3.6
Stealth        | |  0.6
Shields        | |  3.6

Action                   |  1- 3 |  4- 6 || total
-------------------------+-------+-------++-------
Melee: Flail             |   100 |    23 ||   123
       Headbutt          |    14 |     1 ||    15
  Use: Potion            |       |     7 ||     7
 Stab: Invisible         |       |     2 ||     2
Armor: Scale mail        |    62 |     3 ||    65
       Skin              |       |    15 ||    15
Dodge: Dodged            |    57 |     8 ||    65
Block: Buckler           |    26 |     3 ||    29

Table legend: (Time is in decaauts)
 A = Elapsed time spent in this place.
 B = Non-inter-level travel time spent in this place.
 C = Inter-level travel time spent in this place.
 D = Time resting spent in this place.
 E = Time spent auto-exploring this place.
 F = Levels seen in this place.
 G = Mean time per level.
                   A        B        C        D        E       F      G
               +--------+--------+--------+--------+--------+-----+--------+
         Total |   2417 |   2377 |     40 |      0 |   2060 |   3 |  805.7 |
       Dungeon |   2417 |   2377 |     40 |      0 |   2060 |   3 |  805.7 |
               +--------+--------+--------+--------+--------+-----+--------+

Top non-repeatable levels by time:
     D:1: 1105 daAuts
     D:2: 751 daAuts
     D:3: 559 daAuts
